 Dungeon Crawl Stone Soup version 0.22-a0-322-g60b3cfd (webtiles) character file.

56 KristoblXynda the Slasher (level 3, 0/29 HPs)
             Began as a Draconian Gladiator on Apr 4, 2018.
             Slain by an adder (5 damage)
             ... on level 2 of the Dungeon.
             The game lasted 00:01:29 (833 turns).

KristoblXynda the Slasher (Draconian Gladiator)      Turns: 833, Time: 00:01:30

Health: 0/29       AC:  5    Str: 16    XL:     3   Next: 69%
Magic:  3/3        EV: 13    Int:  9    God:
Gold:   96         SH:  0    Dex: 12    Spells: 2/2 levels left

rFire    . . .     SeeInvis .   a - +0 long sword
rCold    . . .     Gourm    .   (no shield)
rNeg     . . .     Faith    .   (armour unavailable)
rPois    .         Spirit   .   b - +0 hat
rElec    .         Reflect  .   (no cloak)
rCorr    .         Harm     .   (no gloves)
MR       .....                  (no boots)
Stlth    +.........             (no amulet)
HPRegen  0.09/turn              (no ring)
MPRegen  0.08/turn              (no ring)

@: lethally poisoned (0 -> -4)
A: unfitting armour, cold-blooded, AC +5
a: no special abilities


You were on level 2 of the Dungeon.
You were not hungry.

You visited 1 branch of the dungeon, and saw 2 of its levels.

You collected 96 gold pieces.

Inventory:

Hand Weapons
 a - a +0 long sword (weapon)
Missiles
 c - 3 throwing nets (quivered)
Armour
 b - a +0 hat (worn)
Scrolls
 e - 6 scrolls of identify {unknown}
 g - a scroll of fog {unknown}
 i - a scroll of remove curse {unknown}
 j - a scroll of amnesia {unknown}
Potions
 f - a potion of heal wounds {unknown}
 h - a potion of curing {unknown}
Comestibles
 d - a ration


   Skills:
 - Level 2.1 Fighting
 * Level 4.1 Long Blades
 - Level 2.0 Throwing
 + Level 3.2 Dodging


You had 2 spell levels left.
You didn't know any spells.

Dungeon Overview and Level Annotations

Branches:
Dungeon (2/15)

Altars:


Innate Abilities, Weirdness & Mutations

Your plain brown scales are hard. (AC +5)
You cannot fit into any form of body armour.
You are cold-blooded and may be slowed by cold attacks.


Message History

The goblin hits you but does no damage.
You barely miss the goblin.
Your tail-slap misses the goblin.
The goblin is almost dead.
The goblin hits you with a club. The adder bites you but does no damage.
You closely miss the adder.
Your tail-slap misses the adder.
The adder barely misses you. The goblin closely misses you.
The adder barely misses you.
You closely miss the goblin.
The goblin is severely wounded.
The goblin closely misses you.
You riposte.
You hit the goblin.
You kill the goblin!
The adder bites you.
You closely miss the adder. The adder bites you. x2
* * * LOW HITPOINT WARNING * * *
You are poisoned.
The adder poisons you!
You slash the adder!
The adder is severely wounded.
You feel sick. The adder bites you.
You die...

#. ##.. .. #...# . ##.
#...# ... #..##
##...######.....
#...###....>.........
###.#.........S@...#.. #
#..[..#.......)###.#.##.#
#..............# .....
##..#....#....### ...##..
.......#....#..####.......
..#....†....##.........#
..#.###...#####.#....###
.....................#
..(.....................


You could see an adder.

Vanquished Creatures
  2 adders (D:2)
  2 dart slugs (D:1)
  3 giant cockroaches
  4 hobgoblins (D:1)
  5 bats
  4 frilled lizards (D:1)
  6 goblins
  6 kobolds
  2 rats
34 creatures vanquished.

Notes
Turn   | Place    | Note
-------+----------+-------------------------------------------
     0 | D:1      | KristoblXynda the Draconian Gladiator began the quest for the Orb.
     0 | D:1      | Reached XP level 1. HP: 17/17 MP: 1/1
   119 | D:1      | Reached XP level 2. HP: 13/24 MP: 2/2
   415 | D:1      | Reached XP level 3. HP: 29/29 MP: 3/3
   784 | D:2      | Reached skill level 4 in Long Blades
   833 | D:2      | Slain by an adder

Vault maps used:
D:1:      onia_arrival_pentagram
D:2:      old_standard_altar, xom_teletrap_fun, serial_curves, eino_curves_03,
          eino_curves_02, kennysheep_generic_room_15

Skill      XL: |  1  2  3 |
---------------+----------+-----
Throwing       | 2 |  2.0
Dodging        | 3 |  3.2
Long Blades    | 4 |  4.1
Fighting       | |  2.1

Action                   || total
-------------------------++-------
Melee: Long sword        ||    86
       Tailslap          ||     8
Armor: Skin              ||    27
Dodge: Dodged            ||    69
       Rpst.: Long sword ||    20

Table legend:
 A = Spawn XP
 B = Non-spawn XP
 C = Spawn XP percentage of total XP
 D = Spawn monster count
 E = Non-spawn monster count
 F = Spawn count percentage of total count
 G = Total turns spent on level
                    A         B        C        D         E        F      G
               +---------+---------+-------+---------+---------+-------+---------
         Total |       0 |      80 |   0.0 |       0 |      34 |   0.0 |   833
               +---------+---------+-------+---------+---------+-------+---------
           D:1 |       0 |      45 |   0.0 |       0 |      27 |   0.0 |   762
           D:2 |       0 |      35 |   0.0 |       0 |       7 |   0.0 |    71
               +---------+---------+-------+---------+---------+-------+---------
